 Dungeon Crawl Stone Soup version 0.30-a0-1008-g30c9307041 (webtiles) character file.

Game seed: 10355877200113286665

55 BlueFish the Insei (level 3, -3/23 HPs)
             Began as an Octopode Transmuter on Apr 5, 2023.
             Slain by a gnoll
             ... wielding a +0 vampiric spear
              (9 damage)
             ... on level 2 of the Dungeon.
             The game lasted 00:01:55 (965 turns).

BlueFish the Insei (Octopode Transmuter)             Turns: 965, Time: 00:01:55

Health: -3/23      AC:  1    Str: 11    XL:     3   Next: 93%
Magic:  4/6        EV: 13    Int: 15    God:
Gold:   35         SH:  0    Dex: 12    Spells: 2/6 levels left

rFire   . . .      SeeInvis .      - Unarmed
rCold   . . .      Faith    .    (no shield)
rNeg    . . .      Spirit   .    (helmet currently unavailable)
rPois   .          Reflect  .    (no amulet)
rElec   .          Rampage  .    (no ring)
rCorr   .                        (no ring)
Will    .....                    (no ring)
Stlth   +++                      (no ring)
HPRegen 0.23/turn                (no ring)
MPRegen 0.10/turn                (no ring)
                                 (no ring)
                                 (no ring)

@: appendages (expiring), wereblooded
A: tentacle spike 3, almost no armour, amphibious, 8 rings, camouflage 1,
gelatinous body 1, (nimble swimmer 1), tentacles
a: End Transformation


You were on level 2 of the Dungeon.
One of your tentacles had grown a beastly spike.
You visited 1 branch of the dungeon, and saw 2 of its levels.

You collected 35 gold pieces.

Inventory:

Missiles
 d - 38 stones
Scrolls
 b - a scroll of enchant weapon {unknown}
 e - a scroll of torment {unknown}
 f - a scroll of fog {unknown}
Potions
 a - a potion of lignification
 c - 2 potions of degeneration {unknown}


   Skills:
 + Level 1.6 Fighting
 + Level 2.2 Dodging
 * Level 2.5 Stealth
 + Level 3.3 Unarmed Combat
 + Level 2.3 Spellcasting
 + Level 2.3 Transmutations


You had 2 spell levels left.
You knew the following spells:

 Your Spells              Type           Power      Damage    Failure   Level
a - Beastly Appendage     Tmut           16%        N/A       9%          1
b - Wereblood             Tmut           8%         N/A       13%         2
c - Summon Small Mammal   Summ           4%         N/A       22%         1

Your spell library contained the following spells:

 Spells                   Type           Power      Damage    Failure   Level
 Passwall                 Tmut/Erth      4%         N/A       21%         2
 Ensorcelled Hibernation  Hex/Ice        2%         N/A       32%         2
 Spider Form              Tmut/Pois      5%         N/A       38%         3
 Call Canine Familiar     Summ           1%         N/A       54%         3
 Summon Guardian Golem    Hex/Summ       1%         N/A       54%         3
 Swiftness                Air            1%         N/A       54%         3
 Ice Form                 Ice/Tmut       5%         N/A       80%         4


Dungeon Overview and Level Annotations

Branches:
Dungeon (2/15)

Altars:


Innate Abilities, Weirdness & Mutations

One of your tentacles has grown a beastly spike.
You cannot wear most types of armour.
You are amphibious.
You can wear up to eight rings at the same time.
Your skin changes colour to match your surroundings (Stealth+).
Your rubbery body absorbs attacks. (AC +1, EV +1)
((You are camouflaged when in or above water. (Stealth+)))
You have tentacles for arms and can constrict up to eight enemies at once.


Message History

One of your tentacles grows a vicious spike.
You closely miss the hobgoblin. Your grab misses the hobgoblin.
Your tentacle spike misses the hobgoblin.
You tentacle-slap the hobgoblin, but do no damage.
The hobgoblin closely misses you.
You completely miss the hobgoblin. You grab the hobgoblin.
You squeeze the hobgoblin.
You kill the hobgoblin!
The gnoll misses you. The gnoll hits you with a +0 spear.
You see here a rat corpse.
You tentacle-slap the gnoll but do no damage.
You grab the gnoll.
You pierce the gnoll.
You squeeze the gnoll.
The gnoll is heavily wounded.
You howl as the wereblood boils in your veins!
Your transformation is almost over.
You constrict the gnoll, but do no damage.
You hear a shout!
The gnoll closely misses you.
You tentacle-slap the gnoll.
You squeeze the gnoll, but do no damage.
The gnoll is severely wounded.
You constrict the gnoll. The gnoll hits you with a +0 spear.
You tentacle-slap the gnoll. You squeeze the gnoll.
You feel a bit better.
You kill the gnoll!
You howl as the wereblood boils in your veins!
You see here a +0 spear.
The gnoll barely misses you. The gnoll hits you with a +0 whip.
You tentacle-slap the gnoll. Your grab misses the gnoll.
You tentacle-slap the gnoll.
The gnoll is heavily wounded.
You howl as the wereblood boils in your veins!
The gnoll hits you with a +0 whip.
* * * LOW HITPOINT WARNING * * *
The gnoll barely misses you.
You tentacle-slap the gnoll. Your grab misses the gnoll.
You pierce the gnoll, but do no damage.
The gnoll is heavily wounded.
The gnoll hits you with a +0 vampiric spear!
You die...

.g...# .g.#.#
.....# g....#
.>.♣.# .....#
#♣g...#
#######....#
#g@g.#.....## #
#)##........#
#.#†##.........#
#.#.#.#+.........+
#.#.#.##.........#
#.#.#.###.......##
#.#.# #......##
#.#.###......#
#.#..##..#+#.#


You could see 2 gnolls.

Vanquished Creatures
  A gnoll (D:2)
  An adder (D:2)
  A dart slug (D:1)
  5 endoplasms
  A giant cockroach (D:2)
  5 goblins
  2 hobgoblins
  3 jackals (D:1)
  2 ball pythons
  4 bats (D:1)
  2 frilled lizards (D:1)
  A kobold (D:2)
  5 rats
33 creatures vanquished.

Notes
Turn   | Place    | Note
-------+----------+-------------------------------------------
     0 | D:1      | BlueFish the Octopode Transmuter began the quest for the
                  | Orb.
     0 | D:1      | Reached XP level 1. HP: 13/13 MP: 3/3
   107 | D:1      | Reached skill level 1 in Stealth
   145 | D:1      | Reached XP level 2. HP: 14/18 MP: 3/5
   148 | D:1      | Learned a level 2 spell: Wereblood
   566 | D:1      | Reached XP level 3. HP: 19/23 MP: 4/6
   568 | D:1      | Learned a level 1 spell: Summon Small Mammal
   965 | D:2      | Slain by a gnoll

Illustrated notes

Levels and vault maps discovered:
D:1:      ncdulo_watergridlock, layout_basic
D:2:      layout_loops_corners, serial_co_window_serial, co_window_corner_a,
          co_window_paths_a, co_window_paths_a, co_window_corner_a,
          co_window_corner_a, co_window_paths_c, co_window_of_opportunity_b,
          co_window_paths_c, co_window_cross_2, co_window_4corner_b,
          glass_columns_a, glass_columns_b, glass_columns_b, grunt_ministairs_1,
          st_stairs_12, uniq_terence

Skill      XL: |  1  2  3 |
---------------+----------+-----
Stealth        | 1 2 |  2.5
Fighting       | |  1.6
Dodging        | |  2.2
Unarmed Combat | |  3.3
Spellcasting   | |  2.3
Transmutations | |  2.3

Action                     || total
---------------------------++-------
  Melee: Unarmed           ||    77
         Constrict         ||    14
         Punch             ||     4
         Tentacles         ||     9
         Kick              ||     5
   Cast: Beastly Appendage ||     6
         Wereblood         ||     1
   Stab: Sleeping          ||    12
 Armour: Skin              ||     3
  Dodge: Dodged            ||    42

Table legend: (Time is in decaauts)
 A = Elapsed time spent in this place.
 B = Non-inter-level travel time spent in this place.
 C = Inter-level travel time spent in this place.
 D = Time resting spent in this place.
 E = Time spent auto-exploring this place.
 F = Levels seen in this place.
 G = Mean time per level.
                   A        B        C        D        E       F      G
               +--------+--------+--------+--------+--------+-----+--------+
         Total |    961 |    955 |      6 |      0 |    714 |   2 |  480.5 |
       Dungeon |    961 |    955 |      6 |      0 |    714 |   2 |  480.5 |
               +--------+--------+--------+--------+--------+-----+--------+

Top non-repeatable levels by time:
     D:1: 760 daAuts
     D:2: 200 daAuts
